 Dungeon Crawl Stone Soup version 0.31-a0-844-gdc52ec4e09 (webtiles) character file.

Game seed: 11984401027553457741

378 Getoffmy the Chiller (level 6, -1/38 (41) HPs)
             Began as a Merfolk Ice Elementalist on Sept 30, 2023.
             Slain by a wight
             ... wielding a +3 halberd of freezing
              (7 damage)
             ... on level 5 of the Dungeon on Oct 1, 2023.
             The game lasted 00:14:31 (4509 turns).

Getoffmy the Chiller (Merfolk Ice Elementalist)     Turns: 4509, Time: 00:14:33

HP:   -1/38 (41)    AC:  9    Str:  8    XL:     6   Next: 74%
MP:   6/12          EV: 12    Int: 16    God:
Gold: 293           SH:  0    Dex: 15    Spells: 6/13 levels left

rFire   . . .        y - +3 dagger (elec)
rCold   . . .        (no shield)
rNeg    . . .        a - +0 robe
rPois   .            (no helmet)
rElec   .            (no cloak)
rCorr   .            (no gloves)
SInv    .            (no boots)
Will    .....        (no amulet)
Stlth   ++           (no ring)
HPRegen 0.26/turn    (no ring)
MPRegen 0.13/turn

%: no passive effects
@: ice-armoured, marked, drained
A: (nimble swimmer 2), mertail
a: no special abilities


You were on level 5 of the Dungeon.
You visited 1 branch of the dungeon, and saw 5 of its levels.

You collected 293 gold pieces.

Inventory:

Hand Weapons
 g - a +0 short sword
 u - a +0 rapier
 y - a +3 dagger of electrocution (weapon)
Missiles
 c - 52 stones
 l - 4 darts of dispersal
 v - 2 throwing nets
 x - 3 poisoned darts
Armour
 a - a +0 robe (worn)
Magical Staves
 m - a staff of poison
Jewellery
 f - a +6 ring of intelligence
 k - an amulet of magic regeneration
 t - an amulet of guardian spirit
 B - a ring of poison resistance
Talismans
 r - a maw talisman
Wands
 w - a wand of flame (8)
Scrolls
 i - a scroll of fog
 j - a scroll of amnesia
 p - 2 scrolls of silence
Potions
 b - a potion of magic
 d - a potion of mutation {unknown}
 e - 2 potions of degeneration {unknown}
 h - 3 potions of curing
 n - a potion of resistance {unknown}
 z - a potion of brilliance {unknown}


   Skills:
 - Level 2.6 Dodging
 - Level 2.6 Stealth
 + Level 4.0 Spellcasting
 * Level 7.3 Ice Magic


You had 6 spell levels left.
You knew the following spells:

 Your Spells              Type           Power      Damage    Failure   Level
a - Freeze                Ice            100%       1d10      1%          1
b - Frozen Ramparts       Ice            52%        1d8       2%          3
c - Ozocubu's Armour      Ice            26%        N/A       2%          3

Your spell library contained the following spells:

 Spells                   Type           Power      Damage    Failure   Level
 Static Discharge         Conj/Air       6%         2-3/arc   26%         2
 Summon Ice Beast         Ice/Summ       14%        N/A       36%         4
 Airstrike                Air            1%         2d(1-17)  86%         4
 Summon Lightning Spire   Summ/Air       3%         N/A       86%         4


Dungeon Overview and Level Annotations

Branches:
Dungeon (5/15)
 Temple: D:4-7

Altars:
Sif Muna
Uskayaw


Innate Abilities, Weirdness & Mutations

((You are very nimble when in or above water. (Stealth+, EV+, Speed+++)))
Your lower body shifts to a powerful aquatic tail in water.


Message History

You kill the scorpion!
The wall freezes the adder.
The adder seems to slow down.
Your Spellcasting skill increases to level 4!
You hit the adder.
The adder is heavily wounded.
The wall freezes the adder.
The adder seems to slow down.
The adder bites you but does no damage.
A wight comes into view.
It is wielding a +3 halberd of freezing.
You barely miss the adder.
The adder is almost dead.
The wight completely resists.
The wall freezes the wight but does no damage.
The wight barely misses you.
The wall freezes the adder but does no damage.
The adder bites you but does no damage.
You barely miss the adder.
The adder is almost dead.
The wight completely resists.
The wall freezes the wight but does no damage.
The wight completely misses you.
The wall freezes the adder.
You kill the adder!
Casting: Ozocubu's Armour (dangerous; 2% risk of failure)
Confirm with . or Enter, or press ? or * to list all spells.
You can't see any susceptible monsters within range! (Use Z to cast anyway.)
The wall freezes the wight but does no damage.
The wight resists.
The wall freezes the wight.
The wight hits you from afar with a +3 halberd of freezing!
You feel drained. The wight freezes you.
You hit the wight.
The wight is moderately damaged.
The frozen ramparts melt away.
The wight hits you with a +0 scimitar. The wight barely misses you.
Okay, then.
You hit the wight but do no damage.
The wight is moderately damaged.
The wight hits you with a +0 scimitar.
The wight hits you from afar with a +3 halberd of freezing!
* * * LOW HITPOINT WARNING * * *
You feel drained.
You die...

#.# #....## #.#
#.....###.
######>########.........
..........[...†..#######
########.######..#
#..##### ##.###......#
......#.###.###
......z@.......
##.##z#†###.##. # #.#.#
....# .. ... .. ...# ...
...# ....#


You could see 2 wights.

Vanquished Creatures
  A scorpion (D:5)
  A hound (D:5)
  An orc priest (D:4)
  2 iguanas
  An orc wizard (D:3)
  5 adders
  4 gnolls (D:4)
  5 worms
  9 orcs
  6 ball pythons
  7 bats
  9 endoplasms
  3 giant cockroaches
  7 goblins
  5 hobgoblins
  2 jackals (D:1)
  3 quokkas
  A frilled lizard (D:1)
  3 kobolds
  4 rats
79 creatures vanquished.

Notes
Turn   | Place    | Note
-------+----------+-------------------------------------------
     0 | D:1      | Getoffmy the Merfolk Ice Elementalist began the quest for
                  | the Orb.
     0 | D:1      | Reached XP level 1. HP: 13/13 MP: 3/3
   222 | D:1      | Reached XP level 2. HP: 19/19 MP: 3/5
   989 | D:2      | Found a hide-covered altar of Uskayaw.
  1019 | D:2      | Reached XP level 3. HP: 23/24 MP: 6/6
  1078 | D:2      | Reached skill level 5 in Ice Magic
  1224 | D:2      | Learned a level 3 spell: Frozen Ramparts
  2000 | D:3      | Noticed an ice beast
  2131 | D:4      | Reached XP level 4. HP: 27/30 MP: 4/8
  2626 | D:4      | Reached XP level 5. HP: 34/35 MP: 6/9
  2630 | D:4      | Learned a level 3 spell: Ozocubu's Armour
  2682 | D:4      | Reached skill level 6 in Ice Magic
  2940 | D:4      | Reached XP level 6. HP: 32/41 MP: 4/11
  3696 | D:5      | Entered Level 5 of the Dungeon
  4298 | D:5      | Found a shimmering blue altar of Sif Muna.
  4471 | D:5      | Reached skill level 7 in Ice Magic
  4509 | D:5      | Slain by a wight

Illustrated notes

Levels and vault maps discovered:
D:1:      mrwooster_arrival_statue, layout_loops_ring
D:2:      layout_loops_ring, basic_altar, kennysheep_flooded_box,
          grunt_decor_arrowhead
D:3:      layout_loops_ring
D:4:      layout_loops_cross
D:5:      layout_loops_ring, mainiacjoe_overflow_catwalk_spiral,
          kennysheep_orc_sif_temple, temple_hall, nrook_loot_triangle

Skill      XL: |  1  2  3  4  5  6 |
---------------+-------------------+-----
Ice Magic      | 5 6 7 |  7.3
Spellcasting   | 3 4 |  4.0
Dodging        | |  2.6
Stealth        | |  2.6

Action                     |  1- 3 |  4- 6 || total
---------------------------+-------+-------++-------
  Melee: Unarmed           |     3 |       ||     3
         Short sword       |    60 |       ||    60
         Rapier            |     4 |    46 ||    50
         Dagger            |       |    15 ||    15
   Cast: Freeze            |    39 |    24 ||    63
         Frozen Ramparts   |       |     8 ||     8
         Ozocubu's Armour  |       |     3 ||     3
    Use: Scroll            |       |     9 ||     9
   Stab: Sleeping          |     8 |     5 ||    13
 Armour: Robe              |    48 |    48 ||    96
  Dodge: Dodged            |    65 |    40 ||   105

Table legend: (Time is in decaauts)
 A = Elapsed time spent in this place.
 B = Non-inter-level travel time spent in this place.
 C = Inter-level travel time spent in this place.
 D = Time resting spent in this place.
 E = Time spent auto-exploring this place.
 F = Levels seen in this place.
 G = Mean time per level.
                   A        B        C        D        E       F      G
               +--------+--------+--------+--------+--------+-----+--------+
         Total |   4514 |   4171 |    343 |   1013 |   2394 |   5 |  902.8 |
       Dungeon |   4514 |   4171 |    343 |   1013 |   2394 |   5 |  902.8 |
               +--------+--------+--------+--------+--------+-----+--------+

Top non-repeatable levels by time:
     D:4: 1077 daAuts
     D:2: 915 daAuts
     D:3: 906 daAuts
     D:1: 862 daAuts
     D:5: 753 daAuts
